 Dungeon Crawl Stone Soup version 0.32-a0-960-g3814254bd7 (webtiles) character file.

Game seed: 12354702870603182962

58 retardedninja the Trooper (level 4, -1/37 HPs)
             Began as a Coglin Fighter on Apr 17, 2024.
             Slain by Sigmund
             ... wielding a +0 scythe
              (7 damage)
             ... on level 2 of the Dungeon.
             The game lasted 00:02:30 (964 turns).

retardedninja the Trooper (Coglin Fighter)           Turns: 964, Time: 00:02:30

Health: -1/37      AC:  6    Str: 18    XL:     4   Next: 2%
Magic:  4/4        EV:  8    Int:  7    God:
Gold:   83         SH:  0    Dex: 14    Spells: 3/3 levels left

rFire   . . .        a - +0 war axe {Balvinder}
rCold   . . .        e - +0 hand axe {Belshunu}
rNeg    . . .        b - +0 scale mail
rPois   .            (no helmet)
rElec   .            (no cloak)
rCorr   .            (no gloves)
SInv    .            (no boots)
Will    .....        (amulet unavailable) Stlth
                     (ring unavailable)
HPRegen 0.26/turn    (ring unavailable)
MPRegen 0.09/turn    (no gizmo)

%: no passive effects
@: revved
A: off-hand wielding, slow wielding, warmup strikes, no jewellery
a: Invent Gizmo


You were on level 2 of the Dungeon.
You visited 1 branch of the dungeon, and saw 2 of its levels.

You collected 83 gold pieces.

Inventory:

Hand Weapons
 a - a +0 war axe (weapon) {Balvinder}
 e - a +0 hand axe (offhand) {Belshunu}
 m - a +0 glaive
Armour
 b - a +0 scale mail (worn)
Scrolls
 h - a scroll of teleportation {unknown}
 j - a scroll of fear {unknown}
 l - a scroll of summoning {unknown}
Potions
 c - a potion of invisibility {unknown}
 d - 2 potions of might
 f - a potion of brilliance {unknown}
 g - 3 potions of curing {unknown}
 i - 2 potions of lignification {unknown}
 k - a potion of berserk rage {unknown}


   Skills:
 * Level 3.8 Fighting
 + Level 2.5 Axes
 + Level 3.0 Armour
 + Level 2.5 Shields


You had 3 spell levels left.
You didn't know any spells.
Your spell library contained the following spells:

 Spells                   Type           Power      Damage    Failure   Level
 Kiss of Death            Conj/Necr      0%         2d5       82%         1
 Necrotise                Necr           0%         1d4       82%         1
 Call Canine Familiar     Summ           0%         N/A       99%         3
 Confusing Touch          Hex            0%         N/A       99%         3
 Sigil of Binding         Hex            0%         N/A       99%         3
 Vampiric Draining        Necr           0%         2d6       99%         3
 Dimensional Bullseye     Hex/Tloc       0%         N/A       100%        4
 Dispel Undead            Necr           0%         3d6       100%        4
 Martyr's Knell           Necr/Summ      0%         N/A       100%        4
 Curse of Agony           Necr           0%         N/A       100%        5


Dungeon Overview and Level Annotations

Branches:
Dungeon (2/15)

Altars:
Elyvilon

Annotations:
D:2 Sigmund


Innate Abilities, Weirdness & Mutations

You can wield a second weapon in your off-hand.
It takes a long time for you to wield or remove held weapons.
Your first few attacks do less damage.
You cannot equip rings or amulets.


Message History

You closely miss the rat with your +0 hand axe.
You closely miss the kobold with your +0 war axe.
You barely miss the rat with your +0 war axe.
The kobold hits you with a +0 club. The rat bites you.
You hit the kobold with your +0 hand axe.
You kill the kobold!
You hit the rat with your +0 hand axe.
You kill the rat!
You have reached level 4!
You feel agile.
Found a stone staircase leading down.
Items here: $ ) [ †.
Something hits you! Something hits you. Something hits you. Something hits you!
* * * LOW HITPOINT WARNING * * *
You see here a ball python corpse.
Items here: $ ) [ †.
Something hits you but does no damage. Something hits you.
* * * LOW HITPOINT WARNING * * *
You hit something with your +0 war axe.
You closely miss something with your +0 hand axe.
You hit something but do no damage.
You closely miss something with your +0 war axe.
Something hits you but does no damage.
You hit something with your +0 hand axe.
You completely miss something with your +0 war axe.
Something hits you but does no damage.
You miss something with your +0 war axe.
You closely miss something with your +0 hand axe.
You hear some strange, mumbled words.
A puff of flame appears from out of thin air!
The puff of flame hits you.
* * * LOW HITPOINT WARNING * * *
You miss something with your +0 war axe.
You barely miss something with your +0 hand axe.
Something hits you!
You die...

#. .. .. # .... .# #...
.# #...## #### ##.###
#..... ..# #....
####....####.# #..#
.............###{####...
...............†@..(....
.............#.$.##.....
####....####.#...# ...
#.........#..... .
#...#######..#.#.. #...#
.........# ####.†.#
.#.......# ..###.##
#.##.#...#
#.###.######.##.....>


There were no monsters in sight!

Vanquished Creatures
  A gnoll (D:1)
  A dart slug (D:1)
  7 ball pythons
  4 bats (D:1)
  7 endoplasms
  2 giant cockroaches (D:1)
  3 hobgoblins
  2 quokkas
  2 frilled lizards
  3 goblins (D:1)
  7 kobolds
  4 rats
43 creatures vanquished.

Notes
Turn   | Place    | Note
-------+----------+-------------------------------------------
     0 | D:1      | retardedninja the Coglin Fighter began the quest for the
                  | Orb.
     0 | D:1      | Reached XP level 1. HP: 18/18 MP: 1/1
    97 | D:1      | Reached XP level 2. HP: 15/24 MP: 2/2
   294 | D:1      | Reached XP level 3. HP: 21/29 MP: 3/3
   830 | D:2      | Found a white marble altar of Elyvilon.
   888 | D:2      | Found a faded altar of an unknown god.
   945 | D:2      | Noticed Sigmund
   950 | D:2      | Reached XP level 4. HP: 31/37 MP: 4/4
   964 | D:2      | Slain by Sigmund

Illustrated notes

Levels and vault maps discovered:
D:1:      eino_arrival_tree_alley, layout_basic
D:2:      layout_loops_cross, basic_altar,
          chequers_ecumenical_altar_simple_redux, uniq_sigmund

Skill      XL: |  1  2  3 |
---------------+----------+-----
Armour         | 3 |  3.0
Fighting       | |  3.8
Axes           | |  2.5
Shields        | |  2.5

Action                     |  1- 3 |  4- 6 || total
---------------------------+-------+-------++-------
  Melee: War axe           |    67 |     5 ||    72
         Hand axe          |    60 |     5 ||    65
 Armour: Scale mail        |    82 |    10 ||    92
  Dodge: Dodged            |    33 |       ||    33

Table legend: (Time is in decaauts)
 A = Elapsed time spent in this place.
 B = Non-inter-level travel time spent in this place.
 C = Inter-level travel time spent in this place.
 D = Time resting spent in this place.
 E = Time spent auto-exploring this place.
 F = Levels seen in this place.
 G = Mean time per level.
                   A        B        C        D        E       F      G
               +--------+--------+--------+--------+--------+-----+--------+
         Total |    987 |    966 |     21 |      0 |    669 |   2 |  493.5 |
       Dungeon |    987 |    966 |     21 |      0 |    669 |   2 |  493.5 |
               +--------+--------+--------+--------+--------+-----+--------+

Top non-repeatable levels by time:
     D:1: 842 daAuts
     D:2: 144 daAuts
